 Dungeon Crawl Stone Soup version 0.30.0-10-gfe55d96785 (webtiles) character file.

Game seed: 15774856945467317538

189953 Atelerd the Eclecticist (level 18, -4/146 HPs)
             Began as an Octopode Earth Elementalist on May 14, 2023.
             Was an Elder of Sif Muna.
             Killed by an exploding ball lightning (12 damage)
             ... on level 4 of the Spider Nest on May 15, 2023.
             The game lasted 02:28:02 (44428 turns).

Atelerd the Eclecticist (OpEE)                     Turns: 44428, Time: 02:28:02

Health: -4/146     AC: 35    Str: 21 (22) XL:     18   Next: 59%
Magic:  1/37       EV: 35    Int: 41 (42) God:    Sif Muna [****..]
Gold:   1351       SH:  6    Dex: 11 (14) Spells: 2/48 levels left

rFire   + + .        e - +6 dagger of Twilight {freeze, Str+3 Int+3 Dex+2}
rCold   + + .        E - +0 buckler {rC+}
rNeg    + . .        O - +2 hat
rPois   ∞            u - amulet "Huedanu" {Acrobat Harm *Corrode +Inv Int+7}
rElec   +            C - ring "Xabrakh" {rPois rCorr Str+6 Int+4 Dex-2}
rCorr   +            U - +5 ring of evasion
SInv    +            Y - +4 ring of protection
Will    +....        h - +6 ring of intelligence
Stlth   +++++++      G - ring of protection from fire
HPRegen 0.44/turn    I - ring of see invisible
MPRegen 0.25/turn    t - ring "Lahimis" {rElec rF+ rC+}
                     n - ring "Xinefap" {Wiz Str+4}

%: corrode self (3%), harm (+30% outgoing, +20% incoming), acrobat, wizardry
(x1)
@: statue-form, on berserk cooldown, acrobatic, slowed, studying Ranged Weapons,
very slow
A: slow and powerful, torment resistance 1, boosted hp, almost no armour,
amphibious, 8 rings, camouflage 1, (gelatinous body 1), (nimble swimmer 1),
tentacles, robust 1, MP-powered wands
a: End Transformation, Renounce Religion, Evoke Invisibility, Channel Magic,
Forget Spell, Divine Exegesis


You were on level 4 of the Spider Nest.
You worshipped Sif Muna.
Sif Muna was greatly pleased with you.
You were a living statue of rough stone.
You visited 6 branches of the dungeon, and saw 30 of its levels.
You visited the Abyss 2 times.
You also visited: Gauntlet and Ice Cave.

You collected 3731 gold pieces.
You spent 2380 gold pieces at shops.

Inventory:

Hand Weapons
 e - the +6 dagger of Twilight (weapon) {freeze, Str+3 Int+3 Dex+2}
   (You found it on level 5 of the Dungeon)

   Str:       It affects your strength (+3).
   Int:       It affects your intelligence (+3).
   Dex:       It affects your dexterity (+2).
Missiles
 o - 3 throwing nets
Armour
 E - a +0 buckler of cold resistance (worn)
 O - a +2 hat (worn)
Magical Staves
 F - the staff of cold "Agouxt" {rC+ MP+9}
   (You found it on level 3 of the Elven Halls)

   [staff of cold]

   Base accuracy: +5 Base damage: 5 Base attack delay: 1.2 This weapon's minimum
   attack delay (0.6) is reached at skill level 12.
   rC:        It protects you from cold.
   MP:        It affects your magic capacity (+9).
   It falls into the 'Staves' category.
   It is a one-tentacled weapon.
Jewellery
 h - a +6 ring of intelligence (on tentacle)
 m - a ring of poison resistance
 n - the ring "Xinefap" (on tentacle) {Wiz Str+4}
   (You took it off a deep elf zephyrmancer on level 3 of the Elven Halls)

   [ring of wizardry]

   It improves your spell success rate.
   Str:       It affects your strength (+4).
 t - the ring "Lahimis" (on tentacle) {rElec rF+ rC+}
   (You bought it in a shop on level 1 of the Elven Halls)

   [ring of protection from cold]

   rF:        It protects you from fire.
   rC:        It protects you from cold.
   rElec:     It insulates you from electricity.
 u - the amulet "Huedanu" (around mantle) {Acrobat Harm *Corrode +Inv Int+7}
   (You found it on level 3 of the Elven Halls)

   [amulet of the acrobat]

   It increases your evasion while moving and waiting.
   Int:       It affects your intelligence (+7).
   +Inv:      It lets you turn invisible.
   *Corrode:  It may corrode you when you take damage.
   Harm:      It increases damage dealt and taken.
 C - the ring "Xabrakh" (left tentacle) {rPois rCorr Str+6 Int+4 Dex-2}
   (You bought it in a shop on level 1 of the Elven Halls)

   [ring of strength]

   Str:       It affects your strength (+6).
   Int:       It affects your intelligence (+4).
   Dex:       It affects your dexterity (-2).
   rPois:     It protects you from poison.
   rCorr:     It protects you from acid and corrosion.
 G - a ring of protection from fire (on tentacle)
 H - an amulet of reflection
 I - a ring of see invisible (on tentacle)
 U - a +5 ring of evasion (right tentacle)
 Y - a +4 ring of protection (on tentacle)
Wands
 f - a wand of digging (6)
 w - a wand of paralysis (36)
 B - a wand of roots (34)
 L - a wand of flame (17)
 R - a wand of polymorph (7)
 T - a wand of mindburst (8)
 X - a wand of light (8)
Scrolls
 b - 7 scrolls of enchant armour
 c - 2 scrolls of brand weapon
 i - a scroll of poison
 k - 8 scrolls of magic mapping
 p - 10 scrolls of identify
 r - 4 scrolls of silence
 s - 7 scrolls of teleportation
 v - 2 scrolls of fear
 y - 5 scrolls of fog
 z - 5 scrolls of blinking
 A - 2 scrolls of enchant weapon
 M - 3 scrolls of amnesia
 Z - 2 scrolls of vulnerability
Potions
 a - a potion of magic
 d - 14 potions of curing
 g - 8 potions of might
 l - 5 potions of brilliance
 q - 7 potions of flight
 x - 5 potions of haste
 D - 2 potions of berserk rage
 J - 2 potions of heal wounds
 K - 3 potions of resistance
 P - a potion of invisibility
 Q - 8 potions of mutation
 S - 2 potions of cancellation
 V - 3 potions of ambrosia
Miscellaneous
 j - a phantom mirror
 N - a lightning rod (4/4)


   Skills:
 - Level 3.0 Fighting
 - Level 5.0 Short Blades
 - Level 10.0 Dodging
 - Level 15.0 Stealth
 - Level 10.0 Shields
 + Level 15.6 Spellcasting
 - Level 10.0 Conjurations
 - Level 5.0 Summonings
 - Level 2.0 Translocations
 - Level 4.0 Transmutations
 - Level 4.0 Ice Magic
 + Level 11.2 Air Magic
 + Level 12.9 Earth Magic
 - Level 3.0 Poison Magic
 - Level 10.0 Invocations
 - Level 3.0 Evocations


You had 2 spell levels left.
You knew the following spells:

 Your Spells              Type           Power      Damage    Failure   Level
a - Sandblast             Erth           100%       2d20      0%          1
c - Summon Forest         Summ/Tloc      28%        N/A       2%          5
e - Olgreb's Toxic Radia  Pois           54%        N/A       1%          4
h - Conjure Ball Lightni  Conj/Air       43%        3x3d15    1%          6
i - Iron Shot             Conj/Erth      45%        9d9       1%          6
l - Lee's Rapid Deconstr  Erth           47%        3d23*     1%          5
p - Petrify               Tmut/Erth      80%        N/A       1%          4
r - Airstrike             Air            45%        2d(7-23)  1%          4
s - Statue Form           Tmut/Erth      53%        N/A       1%          6
u - Freezing Cloud        Conj/Ice/Air   39%        6-21      1%          5

Your spell library contained the following spells:

 Spells                   Type           Power      Damage    Failure   Level
 Magic Dart               Conj           100%       1d8       0%          1
 Shock                    Conj/Air       100%       1d9       0%          1
 Static Discharge         Conj/Air       100%       2-7/arc   0%          2
 Freeze                   Ice            100%       1d10      1%          1
 Kiss of Death            Conj/Necr      100%       2d13      1%          1
 Necrotise                Necr           100%       1d9       1%          1
 Sting                    Tmut/Pois      100%       1d8       1%          1
 Call Imp                 Summ           100%       N/A       1%          2
 Cigotuvi's Dreadful Rot  Necr/Pois/Air  100%       N/A       1%          2
 Lesser Beckoning         Tloc           96%        N/A       1%          2
 Passwall                 Tmut/Erth      66%        N/A       1%          2
 Poisonous Vapours        Pois/Air       100%       N/A       1%          2
 Scorch                   Fire           64%        2d7       1%          2
 Sublimation of Blood     Necr           32%        N/A       1%          2
 Wereblood                Tmut           59%        N/A       1%          2
 Frozen Ramparts          Ice            100%       1d16      1%          3
 Gell's Gravitas          Tloc           48%        N/A       1%          3
 Hailstorm                Conj/Ice       73%        3d15      1%          3
 Inner Flame              Hex/Fire       32%        N/A       1%          3
 Mephitic Cloud           Conj/Pois/Air  78%        N/A       1%          3
 Ozocubu's Armour         Ice            59%        N/A       1%          3
 Stone Arrow              Conj/Erth      100%       3d13      1%          3
 Teleport Other           Tloc           48%        N/A       1%          3
 Vampiric Draining        Necr           32%        2d8       1%          3
 Flame Wave               Conj/Fire      64%        2d15      1%          4
 Fulminant Prism          Conj/Hex       32%        3d16      1%          4
 Ice Form                 Ice/Tmut       59%        N/A       1%          4
 Sticky Flame             Conj/Fire      64%        2d8       1%          4
 Summon Ice Beast         Ice/Summ       62%        N/A       1%          4
 Borgnjor's Vile Clutch   Necr/Erth      35%        N/A       1%          5
 Silence                  Hex/Air        33%        N/A       1%          5
 Alistair's Intoxication  Tmut/Pois      38%        N/A       2%          5
 Blade Hands              Tmut           29%        N/A       2%          5
 Anguish                  Hex/Necr       16%        N/A       4%          4
 Cause Fear               Hex            16%        N/A       4%          4
 Metabolic Englaciation   Hex/Ice        24%        N/A       5%          5
 Yara's Violent Unravell  Hex/Tmut       24%        3d11      5%          5
 Summon Cactus Giant      Summ           32%        N/A       9%          6
 Agony                    Necr           32%        N/A       12%         5
 Eringya's Noxious Bog    Tmut/Pois      28%        N/A       16%         6
 Lehudib's Crystal Spear  Conj/Erth      45%        10d11     26%         8
 Maxwell's Capacitive Co  Air            45%        ∞         26%         8
 Simulacrum               Ice/Necr       24%        N/A       28%         6
 Monstrous Menagerie      Summ           32%        N/A       41%         7
 Summon Hydra             Summ           32%        N/A       41%         7
 Ozocubu's Refrigeration  Ice            29%        4d14      54%         7
 Malign Gateway           Summ/Tloc      28%        N/A       61%         7
 Shatter                  Erth           47%        3d36*     88%         9
 Enfeeble                 Hex            16%        N/A       97%         7
 Borgnjor's Revivificati  Necr           16%        N/A       100%        8
 Discord                  Hex            16%        N/A       100%        8
 Disjunction              Tloc           24%        N/A       100%        8
 Animate Armour           Summ/Erth      Unusable   N/A       N/A         4

Dungeon Overview and Level Annotations

Branches:
Dungeon (15/15)            Temple (1/1) D:6            Lair (5/5) D:8
  Swamp (0/4) Lair:2       Spider (4/4) Lair:2        Slime (0/5) Lair:4
    Orc (2/2) D:9             Elf (3/3) Orc:2        Vaults (0/5) D:13
 Depths (0/4) D:15          IceCv (visited)         Gauntlet (visited)

Altars:
Ashenzari
Cheibriados
Dithmenos
Elyvilon
Fedhas
Gozag
Hepliaklqana
Kikubaaqudgha
Makhleb
Nemelex Xobeh
Okawaru
Qazlal
Ru
Sif Muna
Trog
Uskayaw
Vehumet
Wu Jian
Xom
Yredelemnul
Zin
The Shining One

Shops:
D:4 =   Orc:1 (=*(   Orc:2 =!*[   Elf:1 ::=

Annotations:
D:4 exclusion: downstairs
D:7 exclusions: 2 doors, downstairs and manticore
D:8 exclusion: downstairs
D:14 2 transporters, dertzug's ghost, journeyman HOGl
Lair:4 exclusion: 2 downstairs


Innate Abilities, Weirdness & Mutations

You are a living statue of rough stone.
Your actions are slow, but your melee attacks are powerful.
You are resistant to unholy torment.
Your maximum health is greatly increased.
You are immune to poison.
You cannot wear most types of armour.
You are amphibious.
You can wear up to eight rings at the same time.
Your skin changes colour to match your surroundings (Stealth+).
((Your rubbery body absorbs attacks. (AC +1, EV +1)))
((You are camouflaged when in or above water. (Stealth+)))
You have tentacles for arms and can constrict up to eight enemies at once.
You are robust. (+10% HP)
You expend magic power (3 MP) to strengthen your wands.


Message History

The ghost moth hits you but does no damage.
The ghost moth stings you but does no damage.
The redback misses you. The wolf spider misses you.
The wolf spider bites you but does no damage.
The redback bites you but does no damage.
The ghost moth misses you. The ghost moth closely misses you.
The ghost moth stings you.
* * * LOW HITPOINT WARNING * * *
You feel clumsy.
Unknown command.
Unknown command.
You release your grip on the wolf spider.
The ghost moth attacks as you move away!
The ghost moth completely misses you. The ghost moth misses you.
You block the ghost moth's attack.
The wolf spider attacks as you move away!
The wolf spider barely misses you. The wolf spider bites you.
* * * LOW HITPOINT WARNING * * *
Your ball lightning explodes!
The blast of lightning engulfs your ball lightning.
Your ball lightning completely resists.
The blast of lightning engulfs you! You resist.
* * * LOW HITPOINT WARNING * * *
The blast of lightning engulfs the ghost moth!!
The ghost moth is severely wounded.
The blast of lightning engulfs the wolf spider.
The wolf spider is almost dead.
The blast of lightning engulfs the redback!!
You kill the redback!
Sif Muna accepts your kill.
The blast of lightning engulfs your ball lightning.
Your ball lightning completely resists.
Your ball lightning explodes!
The blast of lightning engulfs the ghost moth!!
The ghost moth is almost dead.
The blast of lightning engulfs the wolf spider!!
You kill the wolf spider!
Sif Muna accepts your kill. The blast of lightning engulfs you! You resist.
You die...

#........$...~......
#.^....^~.....^.....
##^....#.....~#~....
#....^#~.....#.....
#^....#...^..# ....
#^...~#.~...~# ...
##^..~##..y..#..^...#
#≈..^≈#^...^#^.....# #### ...#
#~^...#...8^#^.....# #..### ...#
#.....#^..*.#.....# #.#^.. .^.##
##^.^^#.....#^....# #...^. .#..#
#^...#^.^..#....^# ##...#. .#..#
#^^.^#.....#~....# #.#..#. ....##
#^....^...^.....^# #......
#.#.^###...............^###......
......................##...^.....
.#....#....#.......#..†.†..###...


You could see a ghost moth (invisible) and a friendly ball lightning.

Vanquished Creatures
  Jorgrun (Spider:3)
  2 deep elf blademasters
  A lich (Abyss:3)
  2 deep elf master archers (Elf:3)
  7 deep elf sorcerers (Elf:3)
  A ghost moth (Spider:4)
  An orc warlord (Orc:2)
  A reaper (Abyss:3)
  An ironbound preserver (D:13)
  4 deep elf elementalists (Elf:3)
  A very ugly thing (Abyss:3)
  2 broodmothers (Spider:3)
  Nessos (D:12)
  A minotaur (Gauntlet)
  A spark wasp (Spider:4)
  Azrael (D:12)
  2 deep elf demonologists
  A deep elf annihilator (Elf:3)
  Snorg (Lair:3)
  An ettin (Orc:2)
  An eidolon (Abyss:3)
  3 deep elf death magi (Elf:3)
  5 deep elf high priests (Elf:3)
  Harold (Lair:1)
  7 hydras
  A catoblepas (Gauntlet)
  2 ironbound frosthearts (IceCv)
  Fannar (Lair:3)
  4 radroaches
  7 two-headed ogres
  3 centaur warriors (D:13)
  A jorogumo (Spider:3)
  A death knight (D:13)
  The ghost of gareppa the Cleaver, a journeyman GrFi of Okawaru (Lair:1)
  A tengu warrior (D:14)
  6 boulder beetles
  26 dancing weapons
  An orc high priest (Orc:2)
  Urug (Lair:3)
  15 death yaks
  19 deep elf knights
  A wretched star (Abyss:3)
  3 pharaoh ants
  Lodul (D:14)
  3 skysharks
  6 skeletal warriors
  6 orb spiders
  3 steelbarb worms
  7 deep elf archers
  3 wizards
  A necromancer (D:15)
  24 deep elf pyromancers
  8 orc knights
  26 deep elf zephyrmancers
  13 wolf spiders
  3 orc sorcerers
  10 elephants
  4 manticores
  An ugly thing (D:12)
  A worldbinder (Abyss:3)
  6 cyclopes
  A black mamba (Lair:2)
  2 centaur zombies (D:15)
  An ice statue (IceCv)
  A demonic crawler (Spider:2)
  2 gargoyles
  7 cane toads
  A centaur skeleton (D:15)
  2 torpor snails
  Maggie (Lair:1)
  3 rime drakes
  A yaktaur (D:15)
  An efreet (Abyss:3)
  13 komodo dragons
  An unseen horror (D:13)
  3 kobold demonologists (D:14)
  A tengu conjurer (D:14)
  A troll (shapeshifter) (D:13)
  7 meliai
  A hellwing (Elf:3)
  A hornet (D:11)
  11 polar bears (IceCv)
  6 trolls
  16 tarantellas
  A tyrant leech (Lair:2)
  A saltling (Orc:2)
  A raiju (Gauntlet)
  18 blink frogs
  10 jumping spiders
  12 slime creatures (D:15)
  3 air elementals
  4 large abominations (Abyss:3)
  2 shadows
  4 wyverns
  9 culicivoras
  4 wraiths
  29 yaks
  10 basilisks
  A ynoxinul (Abyss:3)
  2 steam dragons (Gauntlet)
  4 fire elementals
  A human (shapeshifter) (Elf:1)
  7 vampire mosquitoes
  A chaos spawn (Abyss:3)
  Menkaure (D:6)
  17 redbacks
  3 acid dragons
  A two-headed ogre zombie (D:9)
  2 wargs
  Duvessa (D:7)
  10 water moccasins
  4 hell hounds (D:12)
  2 black bears
  A swamp drake (D:11)
  4 ice beasts
  22 orc warriors
  A sky beast (D:7)
  11 ogres
  A sky beast (shapeshifter) (Abyss:3)
  An ogre (shapeshifter) (D:13)
  7 centaurs
  21 wolves
  2 phantoms
  7 kobold brigands
  14 bullfrogs
  3 scorpions
  An earth elemental (Elf:1)
  3 small abominations
  Dowan (D:7)
  7 wights
  A troll zombie (D:9)
  11 killer bees
  3 howler monkeys
  A lava snake (D:14)
  A crimson imp (D:11)
  3 jellies (D:6)
  A gnoll bouda (D:4)
  13 orc priests
  6 hounds
  An iron imp (D:11)
  3 sleepcaps
  Crazy Yiuf (D:3)
  Natasha (thrice) (D:2)
  4 iguanas
  22 orc wizards
  6 ogre zombies (D:9)
  4 gnolls (D:4)
  8 adders
  7 shadow imps
  4 white imps
  5 worms
  3 dart slugs
  66 orcs
  7 bats
  7 endoplasms
  5 giant cockroaches
  8 goblins
  15 hobgoblins
  7 jackals
  6 quokkas
  9 ball pythons
  3 frilled lizards (D:2)
  5 goblin zombies (D:9)
  6 hobgoblin zombies (D:9)
  28 kobolds
  2 orc skeletons (D:9)
  12 orc zombies (D:9)
  5 rats
  A lurking horror (Abyss:3)
929 creatures vanquished.

Vanquished Creatures (collateral kills)
  An orc warlord (Orc:2)
  A saltling (Orc:2)
  2 orc warriors (Orc:2)
  An ogre (Orc:2)
  A centaur (D:3)
  An orc priest (Orc:2)
  A dart slug (D:3)
  2 orcs (Orc:2)
10 creatures vanquished.

Vanquished Creatures (others)
  A wraith (Abyss:3)
  A large abomination (Abyss:3)
  A small abomination (Abyss:3)
  21 ball lightnings
24 creatures vanquished.

Grand Total: 963 creatures vanquished

Notes
Turn   | Place    | Note
-------+----------+-------------------------------------------
     0 | D:1      | Atelerd the Octopode Earth Elementalist began the quest for
                  | the Orb.
     0 | D:1      | Reached XP level 1. HP: 11/11 MP: 3/3
   226 | D:1      | Reached XP level 2. HP: 17/17 MP: 0/5
   568 | D:1      | Reached XP level 3. HP: 11/21 MP: 3/6
  1420 | D:2      | Reached XP level 4. HP: 23/27 MP: 4/7
  1523 | D:2      | Noticed Natasha
  1530 | D:2      | Killed Natasha
  1813 | D:2      | Noticed Natasha
  1818 | D:2      | Killed Natasha
  1819 | D:2      | Reached XP level 5. HP: 31/31 MP: 3/9
  1962 | D:2      | Noticed Natasha
  1966 | D:2      | Killed Natasha
  2327 | D:3      | Noticed a centaur
  2335 | D:3      | Gained mutation: Your magical capacity is low. (-10% MP)
                  | [potion of mutation]
  2335 | D:3      | Gained mutation: You occasionally shout uncontrollably at
                  | your foes. [potion of mutation]
  2335 | D:3      | Gained mutation: You are somewhat resistant to further
                  | mutation. [potion of mutation]
  2337 | D:3      | HP: 2/46 [centaur/arrow (12)]
  2337 | D:3      | Killed a centaur
  2338 | D:3      | Reached XP level 6. HP: 2/36 MP: 3/9
  2392 | D:3      | Lost mutation: Your magical capacity is low. (-10% MP)
                  | [potion of mutation]
  2392 | D:3      | Lost mutation: You are somewhat resistant to further
                  | mutation. [potion of mutation]
  2392 | D:3      | Lost mutation: You occasionally shout uncontrollably at
                  | your foes. [potion of mutation]
  2392 | D:3      | Gained mutation: You expend magic power (3 MP) to
                  | strengthen your wands. [potion of mutation]
  2392 | D:3      | Gained mutation: You are robust. (+10% HP) [potion of
                  | mutation]
  2826 | D:3      | Found a runed translucent door.
  2827 | D:3      | Noticed Crazy Yiuf
  3002 | D:3      | Learned a level 4 spell: Petrify
  3171 | D:4      | Found Arapnyl's Jewellery Boutique.
  3203 | D:4      | Reached skill level 5 in Stealth
  3203 | D:4      | Reached skill level 5 in Earth Magic
  3254 | D:4      | Noticed an orc warrior
  3554 | D:4      | Reached skill level 1 in Fighting
  3558 | D:4      | Reached skill level 1 in Short Blades
  3828 | D:5      | Entered Level 5 of the Dungeon
  3869 | D:5      | Reached XP level 7. HP: 48/48 MP: 12/12
  4164 | D:5      | Identified the +6 dagger of Twilight {freeze, Str+3 Int+3
                  | Dex+2}
  4846 | D:6      | Noticed Menkaure
  4849 | D:6      | Killed Menkaure
  4913 | D:6      | Found a staircase to the Ecumenical Temple.
  4925 | Temple   | Entered the Ecumenical Temple
  5342 | Temple   | Became a worshipper of Sif Muna the Loreminder
  5563 | D:6      | Reached XP level 8. HP: 55/55 MP: 2/14
  5664 | D:6      | Found a shimmering altar of Xom.
  5664 | D:6      | Found a white marble altar of Elyvilon.
  5683 | D:6      | Noticed a two-headed ogre
  5696 | D:6      | Killed a two-headed ogre
  5697 | D:6      | Reached skill level 5 in Spellcasting
  5828 | D:6      | Reached XP level 9. HP: 59/59 MP: 11/18
  5909 | D:6      | Reached skill level 1 in Invocations
  6451 | D:6      | Learned a level 4 spell: Olgreb's Toxic Radiance
  6609 | D:7      | Reached skill level 1 in Poison Magic
  6823 | D:7      | Noticed a two-headed ogre
  6824 | D:7      | Noticed a manticore
  6857 | D:7      | Reached * piety under Sif Muna
  6913 | D:7      | Killed a two-headed ogre
  6914 | D:7      | Reached skill level 10 in Stealth
  6914 | D:7      | Reached XP level 10. HP: 61/66 MP: 14/21
  7083 | D:7      | Noticed Duvessa
  7095 | D:7      | Noticed Dowan
  7102 | D:7      | Killed Duvessa
  7103 | D:7      | Killed Dowan
  7575 | D:3      | Killed Crazy Yiuf
  8535 | D:8      | Reached ** piety under Sif Muna
  9111 | D:8      | Found a staircase to the Lair.
  9494 | D:9      | Noticed a two-headed ogre
  9644 | D:9      | Reached *** piety under Sif Muna
 10400 | D:4      | Bought a ring of see invisible for 165 gold pieces
 10515 | D:9      | Found a staircase to the Orcish Mines.
 10560 | D:9      | Noticed a two-headed ogre
 10595 | D:9      | Killed a two-headed ogre
 10596 | D:9      | Reached skill level 5 in Invocations
 10596 | D:9      | Reached XP level 11. HP: 57/70 MP: 3/23
 10761 | D:9      | Reached skill level 5 in Dodging
 11174 | D:9      | Killed a two-headed ogre
 11839 | D:10     | Entered Level 10 of the Dungeon
 12024 | D:10     | Reached **** piety under Sif Muna
 12733 | D:10     | Reached skill level 10 in Spellcasting
 12794 | D:10     | Identified the +3 short sword "Hyradw Teti" {freeze, rC++
                  | Str+4}
 13092 | D:11     | Noticed a deep elf zephyrmancer
 13095 | D:11     | Killed a deep elf zephyrmancer
 13101 | D:11     | Learned a level 3 spell: Mephitic Cloud
 13104 | D:11     | Noticed a deep elf zephyrmancer
 13107 | D:11     | Killed a deep elf zephyrmancer
 13214 | D:11     | Noticed a manticore
 13223 | D:11     | Killed a manticore
 13610 | Lair:1   | Entered Level 1 of the Lair of Beasts
 13677 | Lair:1   | Noticed Maggie
 13695 | Lair:1   | Killed Maggie
 13874 | Lair:1   | Found a transporter.
 13875 | Lair:1   | Found a transporter.
 13876 | Lair:1   | Noticed a boulder beetle
 13900 | Lair:1   | Noticed Harold
 13925 | Lair:1   | Killed Harold
 13926 | Lair:1   | Reached skill level 1 in Shields
 13926 | Lair:1   | Reached XP level 12. HP: 58/77 MP: 0/26
 14347 | Lair:1   | Identified the +4 falchion of Oozing Pus {heavy, *Noise
                  | Str+3 Int+4 Dex+6}
 14524 | Lair:1   | Found a runed translucent door.
 14536 | Lair:1   | Noticed gareppa's ghost (journeyman GrFi)
 15127 | Lair:2   | Noticed a skyshark
 15138 | Lair:2   | Killed a skyshark
 15339 | Lair:2   | Found a hole to the Spider Nest.
 15399 | Lair:2   | Noticed an eight-headed hydra
 15412 | Lair:2   | Killed an eight-headed hydra
 15463 | Lair:2   | Noticed a six-headed hydra
 15472 | Lair:2   | Killed a six-headed hydra
 15525 | Lair:2   | Found a staircase to the Swamp.
 15681 | Lair:2   | Reached skill level 5 in Shields
 16261 | Lair:3   | Noticed a seven-headed hydra
 16262 | Lair:3   | Killed a seven-headed hydra
 16263 | Lair:3   | Reached skill level 1 in Evocations
 16290 | Lair:3   | Noticed a death yak
 16290 | Lair:3   | Noticed a death yak
 16290 | Lair:3   | Noticed a death yak
 16290 | Lair:3   | Noticed a death yak
 16291 | Lair:3   | Noticed a death yak
 16298 | Lair:3   | Noticed a skyshark
 16306 | Lair:3   | Noticed Fannar
 16307 | Lair:3   | Killed a skyshark
 16308 | Lair:3   | Reached XP level 13. HP: 36/81 MP: 24/28
 16336 | Lair:3   | Killed Fannar
 16574 | Lair:3   | Found a frozen archway.
 16583 | IceCv    | Entered an ice cave
 16947 | IceCv    | Reached skill level 10 in Earth Magic
 17255 | IceCv    | Reached skill level 1 in Conjurations
 18218 | IceCv    | Identified the +7 war axe "Rery" {flame, rN+}
 18366 | IceCv    | Reached ***** piety under Sif Muna
 19080 | IceCv    | Reached skill level 5 in Short Blades
 20114 | Lair:3   | Found a shimmering altar of Xom.
 20276 | Lair:3   | Reached XP level 14. HP: 91/91 MP: 26/30
 20499 | Lair:3   | Noticed Urug
 20510 | Lair:3   | Killed Urug
 20578 | Lair:3   | Noticed Snorg
 20590 | Lair:3   | Killed Snorg
 21827 | Lair:4   | Found a staircase to the Slime Pits.
 23372 | Lair:5   | Entered Level 5 of the Lair of Beasts
 23647 | Orc:1    | Entered Level 1 of the Orcish Mines
 23647 | Orc:1    | Found Tergh's Antique Weapon Emporium.
 23903 | Orc:1    | Found Piutsaly's Jewellery Shoppe.
 23905 | Orc:1    | Found Xoanadwa's Assorted Antiques.
 23912 | Orc:1    | Bought a dark potion for 15 gold pieces
 23912 | Orc:1    | Bought a scroll of blinking for 127 gold pieces
 23918 | Orc:1    | Bought a +4 ring of protection for 576 gold pieces
 23925 | Orc:1    | Found Vaymor's Antique Weapon Shoppe.
 24135 | Orc:2    | Entered Level 2 of the Orcish Mines
 24135 | Orc:2    | Found a staircase to the Elven Halls.
 24182 | Orc:2    | Received a gift from Sif Muna
 24183 | Orc:2    | Got Sif Muna's Vademecum on Distorted Thunder {god gift}
 24192 | Orc:1    | Learned a level 5 spell: Freezing Cloud
 24276 | Orc:2    | Noticed an orc warlord
 24290 | Orc:2    | Killed an orc warlord
 24292 | Orc:2    | Paralysed by an orc sorcerer for 2 turns
 24540 | Orc:2    | Reached skill level 1 in Ice Magic
 24540 | Orc:2    | Reached skill level 1 in Air Magic
 24611 | Orc:2    | Found Xess's Armour Boutique.
 24611 | Orc:2    | Noticed an orc warlord
 24702 | Orc:2    | Killed an orc warlord
 25022 | Orc:2    | Reached XP level 15. HP: 96/96 MP: 31/31
 25166 | Orc:2    | Found Naitij's Distillery.
 25168 | Orc:2    | Found Leanakoz's Assorted Antiques.
 25178 | Orc:2    | Bought a potion of heal wounds for 55 gold pieces
 25192 | Orc:2    | Found Wasoe's Jewellery Emporium.
 26131 | D:12     | Noticed Azrael
 26153 | D:12     | Reached skill level 10 in Dodging
 26235 | D:12     | Killed Azrael
 26318 | D:12     | Noticed Nessos
 26324 | D:12     | Reached skill level 5 in Conjurations
 26324 | D:12     | Killed Nessos
 26420 | D:12     | Found a gate leading to a gauntlet.
 26439 | Gauntlet | Entered a Gauntlet
 26439 | Gauntlet | Found a transporter.
 26439 | Gauntlet | Found a transporter.
 26464 | Gauntlet | Found a transporter.
 26464 | Gauntlet | Found a transporter.
 26490 | Gauntlet | Found a transporter.
 26501 | Gauntlet | Found a transporter.
 26526 | Gauntlet | Found a transporter.
 26531 | Gauntlet | Found a transporter.
 26539 | Gauntlet | Found a transporter.
 26559 | Gauntlet | Found a transporter.
 26567 | Gauntlet | Found a transporter.
 26586 | Gauntlet | Found a transporter.
 27088 | Gauntlet | Received a gift from Sif Muna
 27095 | Gauntlet | Got Sif Muna's Collected Works on Morbid Reconstruction
                  | {god gift}
 27103 | Gauntlet | Learned a level 6 spell: Statue Form
 27223 | Gauntlet | Got the Textbook on Exhumation and Talus
 27353 | D:12     | Reached skill level 5 in Air Magic
 27946 | D:13     | Found a gate to the Vaults.
 28035 | D:13     | Reached skill level 10 in Shields
 28529 | D:13     | Learned a level 4 spell: Airstrike
 29592 | D:14     | Noticed Lodul
 29604 | D:14     | Killed Lodul
 29914 | D:14     | Found a transporter.
 29914 | D:14     | Noticed dertzug's ghost (journeyman HOGl)
 30097 | D:14     | Found a transporter.
 31376 | Lair:1   | Killed gareppa's ghost
 32437 | D:15     | Entered Level 15 of the Dungeon
 32629 | D:15     | Received a gift from Sif Muna
 32630 | D:15     | Got Sif Muna's Catalogue of Injurious Clay {god gift}
 32747 | D:15     | Reached XP level 16. HP: 102/102 MP: 32/32
 32814 | D:15     | Learned a level 6 spell: Iron Shot
 32945 | D:15     | Learned a level 5 spell: Summon Forest
 32968 | D:15     | Reached skill level 1 in Summonings
 33366 | D:15     | Found a staircase to the Depths.
 33857 | Elf:1    | Entered Level 1 of the Elven Halls
 34398 | Elf:1    | Found Hyejoofa's Book Boutique.
 34399 | Elf:1    | Found Ylaqein's Jewellery Shoppe.
 34536 | Elf:1    | Found Inyhis's Book Boutique.
 34544 | Elf:1    | Bought the ring "Lahimis" {rElec rF+ rC+} for 644 gold
                  | pieces
 34551 | Elf:1    | Bought the ring "Xabrakh" {rPois rCorr Str+6 Int+4 Dex-2}
                  | for 798 gold pieces
 34607 | Elf:1    | Got the Vellum of the Lamprey
 34708 | Elf:1    | Found a shimmering blue altar of Sif Muna.
 34943 | Elf:1    | Paralysed by an air elemental for 1 turns
 35096 | Elf:1    | Identified the +5 flail of Dullness {antimagic, *Corrode
                  | Str+3 Int+5}
 35484 | Elf:2    | Paralysed by an air elemental for 1 turns
 35492 | Elf:2    | Reached skill level 15 in Stealth
 35908 | Elf:2    | Reached skill level 10 in Invocations
 35987 | Elf:2    | Found a huge runed translucent gate.
 35987 | Elf:2    | Found a huge runed translucent gate.
 35987 | Elf:2    | Found a huge runed translucent gate.
 36024 | Elf:2    | Found a huge runed translucent gate.
 36025 | Elf:2    | Found a huge runed translucent gate.
 36076 | Elf:2    | Noticed a Tzitzimitl
 36319 | Elf:2    | Reached skill level 1 in Translocations
 37563 | Elf:2    | Reached XP level 17. HP: 107/107 MP: 1/33
 37686 | Elf:2    | Noticed a deep elf blademaster
 37699 | Elf:2    | Killed a deep elf blademaster
 38193 | Elf:3    | Entered Level 3 of the Elven Halls
 38243 | Elf:3    | Reached skill level 5 in Summonings
 38464 | Elf:3    | Reached skill level 10 in Conjurations
 39157 | Abyss:3  | Cast into level 3 of the Abyss (a deep elf sorcerer)
 39285 | Abyss:3  | Noticed a lich
 39294 | Abyss:3  | Killed a lich
 39416 | Abyss:3  | Reached skill level 10 in Air Magic
 39584 | Abyss:3  | Learned a level 2 spell: Passwall
 39584 | Abyss:3  | Noticed a lich
 39588 | Abyss:3  | Found a corrupted altar of Lugonu.
 39589 | Elf:3    | Escaped the Abyss
 39774 | Elf:3    | Noticed a deep elf blademaster
 39787 | Elf:3    | Killed a deep elf blademaster
 39850 | Elf:3    | Noticed a deep elf master archer
 39854 | Elf:3    | Killed a deep elf master archer
 39857 | Elf:3    | Identified the +1 ring mail of the Tarantula {+Blink Str+2}
 39858 | Abyss:3  | Found a corrupted altar of Lugonu.
 39858 | Abyss:3  | Cast into level 3 of the Abyss (a deep elf sorcerer)
 39901 | Abyss:3  | Noticed a tentacled starspawn
 39954 | Elf:3    | Escaped the Abyss
 40173 | Elf:3    | Identified the ring "Xinefap" {Wiz Str+4}
 40177 | Elf:3    | Identified the +6 great sword of the Dwarven Hall {pain,
                  | rN+ Str+3}
 40179 | Elf:3    | Noticed a deep elf master archer
 40186 | Elf:3    | Killed a deep elf master archer
 40402 | Elf:3    | Identified the +6 rapier of Soxt {flame, rC+++ Int-4}
 40419 | Elf:3    | Reached XP level 18. HP: 113/113 MP: 6/36
 40520 | Elf:3    | Identified the amulet "Huedanu" {Acrobat Harm *Corrode +Inv
                  | Int+7}
 40532 | Elf:3    | Identified the +0 longbow of the Wary Wonders {freeze,
                  | rElec rF+}
 40534 | Elf:3    | Got the Papyrus of Polar Conduction
 40536 | Elf:3    | Identified the +2 hand crossbow of Baeffise {speed, rF- rC+
                  | Will++}
 40596 | Elf:3    | Learned a level 6 spell: Conjure Ball Lightning
 40667 | Elf:3    | Identified the staff of cold "Agouxt" {rC+ MP+9}
 40755 | Elf:2    | Reached skill level 15 in Spellcasting
 41272 | Spider:1 | Entered Level 1 of the Spider Nest
 42524 | Spider:2 | Received a gift from Sif Muna
 42525 | Spider:2 | Got Sif Muna's Secrets of Unlucky Amathomancy {god gift}
 42625 | Spider:2 | Learned a level 5 spell: Lee's Rapid Deconstruction
 42882 | Spider:3 | Noticed Jorgrun
 42885 | Spider:3 | Killed Jorgrun
 43694 | Spider:4 | Entered Level 4 of the Spider Nest
 44418 | Spider:4 | HP: 7/169 [wolf spider (8)]
 44428 | Spider:4 | Killed by an exploding ball lightning

Illustrated notes

Levels and vault maps discovered:
D:1:      dpeg_arrival_tiny_a, layout_basic
D:2:      layout_basic, minmay_joined_circles, uniq_natasha
D:3:      layout_rooms, roderic_roman_lattice, minmay_curled_crystal,
          uniq_crazy_yiuf_cottage
D:4:      layout_cave_pods, serial_shops, shop
D:5:      layout_basic, corner_web_ring
D:6:      layout_loops_ring, mainiacjoe_overflow_divided_tiny,
          minmay_temple_entry_hall, minmay_increasing_density, uniq_menkaure
D:7:      minmay_chambers_of_sixes, layout_loops_ring, uniq_duvessa
D:8:      layout_loops_ring, grunt_lair_entry_orc_guard_hut
D:9:      layout_basic, zombieorc2_lemuel
D:10:     layout_roguey
D:11:     layout_stronghold, serial_bayou_pond_e, chequers_mini_garden,
          chequers_serial_rivers_small_3, hangedman_minor_magic
D:12:     layout_rooms, gauntlet_entry_generic, grunt_decor_fettered,
          uniq_azrael, uniq_nessos
D:13:     cheibrodos_orc_bank, layout_long_grid,
          skrybe_vaults_entry_preservation, serial_glass, glass_columns_b,
          glass_columns_a, lemuel_nasty_fountain
D:14:     layout_long_grid, gammafunk_ghost_stat_death, grunt_decor_junction,
          uniq_lodul
D:15:     grunt_enter_depths_magical_seal, layout_basic
Temple:   mainiacjoe_temple_big_plus
Lair:1:   gammafunk_boulding_lane, layout_cave_pods,
          ebering_ghost_reflecting_pool, grunt_megastairs_1,
          infiniplex_staircase_pool, lemuel_fruit_tree, uniq_harold, uniq_maggie
Lair:2:   layout_concentric_octagons, palyth_hydra_swamp_entry,
          spider_nest_entry_webs, grunt_megastairs_2
Lair:3:   layout_cave_pods, basic_altar, portal_ice_cave_entry_pillars_1,
          beast_lair_carwin_3, uniq_fannar, uniq_urug, uniq_snorg
Lair:4:   layout_roguey, slime_entry_1, minmay_shattered_shrine
Lair:5:   hellmonk_lair_end_abyssal_woods, layout_hall_layers
Spider:1: layout_spider_delve
Spider:2: layout_spider_delve
Spider:3: layout_spider_delve, uniq_jorgrun
Spider:4: grunt_spider_rune_parallel
Orc:1:    layout_diamond_mine, serial_shops, shop, nicolae_shop_hallway_stairs,
          shop, nicolae_shop_waterfront
Orc:2:    hellmonk_orc_salted, layout_caves, basic_altar
Elf:1:    minmay_elf_arrival_circle, layout_loops_corners, basic_altar,
          minmay_elf_demonology, minmay_shop_grove
Elf:2:    elven_hall_of_blades_hangedman_alternative [grunt_blade_entry_basic],
          layout_loops_corners, minmay_misc_feat_cross
Elf:3:    minmay_elf_hall_spiked, layout_rooms, grunt_megastairs_3

Skill      XL: |  1  2  3  4  5  6  7  8  9 10 11 12 13 14 15 16 17 18 |
---------------+-------------------------------------------------------+-----
Stealth        | 3 4 5 6 8 10 12 13 15 | 15.0
Transmutations | 2 3 4 |  4.0
Earth Magic    | 4 5 6 7 8 10 12 | 12.9
Spellcasting   | 3 4 6 7 8 10 11 12 14 15 | 15.6
Fighting       | 1 2 3 |  3.0
Short Blades   | 1 2 3 4 5 |  5.0
Invocations    | 4 5 6 7 8 10 | 10.0
Poison Magic   | 2 3 |  3.0
Dodging        | 4 6 7 9 10 | 10.0
Shields        | 1 5 7 9 10 | 10.0
Evocations     | 1 2 3 |  3.0
Conjurations   | 2 3 8 9 10 | 10.0
Ice Magic      | 2 4 |  4.0
Air Magic      | 2 7 8 10 11 | 11.2
Summonings     | 4 5 |  5.0
Translocations | 2 |  2.0

Action                     |  1- 3 |  4- 6 |  7- 9 | 10-12 | 13-15 | 16-18 || total
---------------------------+-------+-------+-------+-------+-------+-------++-------
  Melee: Dagger            |    33 |    10 |       |       |       |    10 ||    53
         Unarmed           |     3 |       |       |     1 |       |       ||     4
         Tentacles         |     5 |     6 |    13 |    24 |    53 |    25 ||   126
         Constrict         |     9 |     6 |    13 |    14 |    29 |    17 ||    88
         Short sword       |       |    19 |    50 |   111 |   234 |    60 ||   474
         Punch             |       |     1 |       |       |     5 |     1 ||     7
         Staff             |       |       |       |       |       |     7 ||     7
   Cast: Sandblast         |    42 |    69 |    58 |   171 |   240 |   124 ||   704
         Petrify           |       |     1 |    27 |    70 |   183 |    14 ||   295
         Olgreb's Toxic Ra |       |       |     4 |    54 |   126 |    64 ||   248
         Mephitic Cloud    |       |       |       |       |    12 |       ||    12
         Freezing Cloud    |       |       |       |       |    32 |    54 ||    86
         Airstrike         |       |       |       |       |    32 |    70 ||   102
         Statue Form       |       |       |       |       |    24 |    49 ||    73
         Iron Shot         |       |       |       |       |       |   148 ||   148
         Passwall          |       |       |       |       |       |     1 ||     1
         Conjure Ball Ligh |       |       |       |       |       |    13 ||    13
         Lee's Rapid Decon |       |       |       |       |       |     2 ||     2
 Invoke: Channel Magic     |       |       |       |     3 |    14 |    17 ||    34
         Forget Spell      |       |       |       |       |       |     1 ||     1
Ability: End Transformatio |       |       |       |       |       |     2 ||     2
  Evoke: Wand              |       |       |       |    20 |    23 |     4 ||    47
         Lightning rod     |       |       |       |     7 |    15 |    10 ||    32
    Use: Scroll            |       |     8 |     6 |    12 |    12 |     8 ||    46
         Potion            |       |     6 |       |     3 |     8 |     4 ||    21
   Stab: Sleeping          |       |     3 |     6 |    18 |    13 |     6 ||    46
         Petrified         |       |       |    36 |    59 |   123 |     5 ||   223
         Petrifying        |       |       |     1 |     6 |    10 |       ||    17
         Invisible         |       |       |       |     1 |     3 |       ||     4
         Paralysed         |       |       |       |       |     1 |       ||     1
 Armour: Skin              |     8 |    49 |       |    17 |    59 |   199 ||   332
  Dodge: Dodged            |    54 |    38 |    21 |    75 |   240 |   303 ||   731
  Block: Other             |       |       |       |    21 |       |       ||    21
         Reflection        |       |       |       |     3 |    24 |    24 ||    51
         Buckler           |       |       |       |     8 |   230 |   236 ||   474
